 Dungeon Crawl Stone Soup version 0.23.0-3-gf3c87f2 (webtiles) character file.

Game seed: 6729052149834833888

92 Hasart the Bolt Thrower (level 4, -1/28 HPs)
             Began as a Kobold Hunter on Feb 24, 2019.
             Was an Initiate of Okawaru.
             Slain by a gnoll
             ... wielding a +0 club
              (4 damage)
             ... on level 2 of the Dungeon.
             The game lasted 00:05:25 (2200 turns).

Hasart the Bolt Thrower (Kobold Hunter)             Turns: 2200, Time: 00:05:25

Health: -1/28      AC:  3    Str:  9    XL:     4   Next: 90%
Magic:  4/4        EV: 15    Int: 12    God:    Okawaru [......]
Gold:   51         SH:  0    Dex: 16    Spells: 3/3 levels left

rFire    . . .     SeeInvis .   h - +2 hand axe (holy)
rCold    . . .     Gourm    .   (shield restricted)
rNeg     . . .     Faith    .   c - +0 leather armour
rPois    .         Spirit   .   (no helmet)
rElec    .         Reflect  .   (no cloak)
rCorr    .         Harm     .   (no gloves)
MR       .....                  (no boots)
Stlth    ++........             (no amulet)
HPRegen  0.09/turn              (no ring)
MPRegen  0.09/turn              (no ring)

@: no status effects
A: small, carnivore
a: Renounce Religion


You were on level 2 of the Dungeon.
You worshipped Okawaru.
Okawaru was noncommittal.
You were completely stuffed.

You visited 1 branch of the dungeon, and saw 2 of its levels.

You collected 51 gold pieces.

Inventory:

Hand Weapons
 a - a +1 hand crossbow
 b - a +0 short sword
 h - a +2 hand axe of holy wrath (weapon)
Armour
 c - a +0 leather armour (worn)
 j - a cursed +0 buckler
Scrolls
 g - 2 scrolls of remove curse {unknown}
 m - 3 scrolls of identify {unknown}
 o - a scroll of immolation {unknown}
Potions
 e - a potion of heal wounds {unknown}
 i - a potion of mutation {unknown}
 k - 3 potions of curing {unknown}
 l - a potion of flight {unknown}
Comestibles
 f - 4 rations


   Skills:
 + Level 3.1 Fighting
 + Level 2.4 Short Blades
 + Level 5.5 Crossbows
 + Level 3.4 Dodging
 - Level 1.3 Stealth


You had 3 spell levels left.
You didn't know any spells.
Your spell library was empty.

Dungeon Overview and Level Annotations

Branches:
Dungeon (2/15)

Altars:
Cheibriados
Okawaru


Innate Abilities, Weirdness & Mutations

You are small and have problems with some larger weapons.
You are carnivorous and can eat meat at any time.


Message History

Your +2 hand axe of holy wrath softly glows with a divine radiance!
h - a +2 hand axe of holy wrath (weapon)
You hit the gnoll but do no damage.
The gnoll is moderately wounded.
The gnoll hits you with a +0 club.
You closely miss the gnoll.
The gnoll is moderately wounded.
The gnoll closely misses you.
You hit the gnoll.
The gnoll is severely wounded.
The gnoll hits you with a +0 club.
You barely miss the gnoll.
The gnoll is severely wounded.
The gnoll misses you.
You barely miss the gnoll.
The gnoll is severely wounded.
The gnoll hits you with a +0 club.
* * * LOW HITPOINT WARNING * * *
The gnoll hits you with a +0 club.
You die...

#.# ... . #.# ###
...
#.########.....
#..(..((^......
###.######.....
#.# .g. #g# . #g#
#@# #.#
#.################
#.................
##################


You could see a gnoll and a hobgoblin.

Vanquished Creatures
  3 gnolls (D:2)
  2 adders (D:2)
  A worm (D:2)
  2 dart slugs (D:2)
  A leopard gecko (D:2)
  3 giant cockroaches
  4 goblins
  4 hobgoblins
  7 kobolds (D:1)
  A ball python (D:1)
  6 bats
  2 frilled lizards (D:1)
  4 rats
40 creatures vanquished.

Notes
Turn   | Place    | Note
-------+----------+-------------------------------------------
     0 | D:1      | Hasart the Kobold Hunter began the quest for the Orb.
     0 | D:1      | Reached XP level 1. HP: 12/12 MP: 1/1
   349 | D:1      | Reached XP level 2. HP: 18/18 MP: 2/2
   466 | D:1      | Reached skill level 1 in Short Blades
   466 | D:1      | Reached skill level 5 in Crossbows
   508 | D:1      | Found an iron altar of Okawaru.
   730 | D:1      | Became a worshipper of Warmaster Okawaru
  1096 | D:1      | Reached XP level 3. HP: 22/22 MP: 3/3
  1826 | D:2      | Reached XP level 4. HP: 25/27 MP: 4/4
  1865 | D:2      | Found a snail-covered altar of Cheibriados.
  2200 | D:2      | Slain by a gnoll

Skill      XL: |  1  2  3  4 |
---------------+-------------+-----
Short Blades   | 1 2 |  2.4
Crossbows      | 5 |  5.5
Dodging        | 3 |  3.4
Fighting       | 3 |  3.1
Stealth        | |  1.3

Action                   |  1- 3 |  4- 6 || total
-------------------------+-------+-------++-------
Melee: Short sword       |    10 |    15 ||    25
       Hand axe          |       |     5 ||     5
 Fire: Hand crossbow     |    75 |    13 ||    88
  Eat: Chunk             |    11 |     1 ||    12
Armor: Leather armour    |     9 |     1 ||    10
Dodge: Dodged            |    32 |    17 ||    49
